 Dungeon Crawl Stone Soup version 0.25.0-33-gff14898491 (webtiles) character file.

Game seed: 10283991772572253993

104 Violet the Charmwright (level 4, -1/34 HPs)
             Began as a Demonspawn Skald on July 6, 2020.
             Killed from afar by an orc wizard (5 damage)
             ... with a magic dart
             ... on level 2 of the Dungeon.
             The game lasted 00:05:05 (2004 turns).

Violet the Charmwright (Demonspawn Skald)           Turns: 2004, Time: 00:05:06

Health: -1/34      AC:  8    Str: 12    XL:     4   Next: 52%
Magic:  2/7        EV:  8    Int: 14    God:
Gold:   72         SH:  0    Dex: 13    Spells: 4/7 levels left

rFire    + . .     SeeInvis .   a - +0 hand axe
rCold    . . .     Gourm    .   (no shield)
rNeg     . . .     Faith    .   k - +0 chain mail
rPois    .         Spirit   .   (no helmet)
rElec    .         Reflect  .   (no cloak)
rCorr    .         Harm     .   (no gloves)
MR       .....                  (no boots)
Stlth    ..........             (no amulet)
HPRegen  0.11/turn              (no ring)
MPRegen  0.10/turn              (no ring)

@: no status effects
A: talons 1, repulsion field 1, fire resistance 1
a: no special abilities


You were on level 2 of the Dungeon.
You were not hungry.

You visited 1 branch of the dungeon, and saw 2 of its levels.

You collected 72 gold pieces.

Inventory:

Hand Weapons
 a - a +0 hand axe (weapon)
 l - a +0 flail
Armour
 b - a +0 leather armour
 e - a +0 ring mail
 k - a +0 chain mail (worn)
Scrolls
 f - 2 scrolls of remove curse
 h - a scroll of fog {unknown}
 i - 2 scrolls of identify {unknown}
Comestibles
 c - 6 chunks of flesh
 d - 4 rations


   Skills:
 + Level 2.3 Fighting
 + Level 2.6 Axes
 * Level 2.2 Armour
 - Level 1.7 Dodging
 + Level 0.4 Stealth
 + Level 2.2 Spellcasting
 + Level 3.2 Charms


You had 4 spell levels left.
You knew the following spells:

 Your Spells              Type           Power        Failure   Level  Hunger
a - Infusion              Chrm           ##..         94%         1    #......
b - Song of Slaying       Chrm           ##......     98%         2    ###....

Your spell library contained the following spells:

 Spells                   Type           Power        Failure   Level  Hunger
 Shroud of Golubria       Chrm/Tloc      #.....       100%        2    ###....
 Ozocubu's Armour         Chrm/Ice       #.......     100%        3    ###....
 Spectral Weapon          Hex/Chrm       #.......     100%        3    ###....


Dungeon Overview and Level Annotations

Branches:
Dungeon (2/15)

Altars:
Ashenzari

Annotations:
D:1 exclusion: downstairs
D:2 Sigmund


Innate Abilities, Weirdness & Mutations

You have sharp toenails.
You are surrounded by a mild repulsion field. (EV +2)
Your flesh is heat resistant. (rF+)


Message History

The orc wizard is heavily wounded.
The orc wizard barely misses you.
You closely miss the orc wizard.
You claw the orc wizard, but do no damage.
The orc wizard is heavily wounded.
The orc wizard casts a spell.
The orc wizard seems to speed up.
Unknown command.
You aren't carrying any potions.
As you read the scroll labeled ENY FEOZORA, it crumbles to dust.
You feel blessed for a moment.
It was a scroll of remove curse.
The orc wizard hits you but does no damage.
As you read the scroll labeled RAURIL XIUCEE, it crumbles to dust.
You hear a loud clanging noise!
It was a scroll of noise.
You hear a shout! x2
The orc wizard barely misses you.
The orc wizard points at you and mumbles some strange words.
The magic dart hits you.
You die...

#.# ##.# #..# #.## #.# #.###
##### #####.##.
#########)))# #........
#.......#.#@# #.###....
#.#####.#÷#o########.#####..
#.##.#o...#h.(g÷.........#..
#.#....#######†g.###.##.#...
#.##.#....#.(...## #...###.#
#.........#.##### #..## ##.
######.#..#.# #.## ##
#.#....# #..## ##. #......#
#...###..


You could see an orc wizard (fast) and a jackal.

Vanquished Creatures
  Natasha (D:2)
  Robin (D:2)
  2 oozes
  A worm (D:2)
  2 dart slugs
  2 leopard geckos
  3 orcs (D:2)
  5 giant cockroaches
  3 hobgoblins (D:2)
  A jackal (D:2)
  A quokka (D:2)
  2 ball pythons
  2 bats (D:1)
  4 frilled lizards
  8 goblins
  5 kobolds
  5 rats
48 creatures vanquished.

Notes
Turn   | Place    | Note
-------+----------+-------------------------------------------
     0 | D:1      | Violet the Demonspawn Skald began the quest for the Orb.
     0 | D:1      | Reached XP level 1. HP: 16/16 MP: 3/3
   188 | D:1      | Reached skill level 1 in Armour
   193 | D:1      | Reached skill level 3 in Charms
   333 | D:1      | Gained mutation: You have sharp toenails. [demonic
                  | ancestry]
   333 | D:1      | Reached XP level 2. HP: 19/22 MP: 0/5
  1100 | D:2      | Gained mutation: You are surrounded by a mild repulsion
                  | field. (EV +2) [demonic ancestry]
  1100 | D:2      | Reached XP level 3. HP: 27/27 MP: 4/6
  1105 | D:2      | Found a shattered altar of Ashenzari.
  1111 | D:2      | Learned a level 2 spell: Song of Slaying
  1194 | D:2      | Noticed Sigmund
  1469 | D:2      | Noticed Natasha
  1480 | D:2      | Killed Natasha
  1480 | D:2      | Gained mutation: Your flesh is heat resistant. (rF+)
                  | [demonic ancestry]
  1480 | D:2      | Reached XP level 4. HP: 18/34 MP: 1/7
  1938 | D:2      | Noticed Robin
  1977 | D:2      | Killed Robin
  2004 | D:2      | Killed from afar by an orc wizard

Illustrated notes

Levels and vault maps discovered:
D:1:      saegor_arrival_simple_d, layout_loops_ring
D:2:      layout_loops_cross, nicolae_ashenzari_panopticon, uniq_robin,
          uniq_natasha, uniq_sigmund

Skill      XL: |  1  2  3 |
---------------+----------+-----
Armour         | 1 2 |  2.2
Charms         | 3 |  3.2
Axes           | 2 |  2.6
Fighting       | |  2.3
Dodging        | |  1.7
Stealth        | |  0.4
Spellcasting   | |  2.2

Action                   |  1- 3 |  4- 6 || total
-------------------------+-------+-------++-------
Melee: Hand axe          |    94 |    69 ||   163
       Kick              |    17 |    15 ||    32
 Cast: Infusion          |     4 |     2 ||     6
  Use: Scroll            |       |     2 ||     2
       Potion            |       |     1 ||     1
 Stab: Sleeping          |     1 |       ||     1
  Eat: Chunk             |     2 |     2 ||     4
Armor: Leather armour    |     6 |       ||     6
       Ring mail         |    25 |     9 ||    34
       Chain mail        |       |    15 ||    15
Dodge: Dodged            |    60 |    51 ||   111
